Map: Curious Minds LE

Players

RagnaroK (SHIN) - Winner!

  • Race: Zerg Zerg
  • League: Master

ByuN

  • Race: Terran Terran

Event: TSL 8

VOD

Have the link to the VOD?

Description

Time

  • Played on: Dec. 11, 2021, 6:32 a.m.
  • Length: 11:22

All games in this series

Show
View Real Time Build Order
Export as new Build Order

RagnaroK Zerg - Winner!

Build Orders: Hatch First 

Get SALT Encoding   

  12  0:00  Drone  
  13  0:12  Overlord  
  13  0:17  Drone  
  14  0:30  Drone x2  
  16  0:48  Hatchery  
  15  0:50  Drone  
  15  0:54  Drone  
  17  0:58  Drone  
  18  1:08  Extractor  
  17  1:13  Spawning Pool  
  17  1:16  Drone  
  17  1:19  Drone  
  18  1:30  Drone  
  19  1:39  Drone  
  20  1:51  Drone  
  21  1:59  Queen x2  
  21  2:00  Zergling x4  
  27  2:10  Overlord  
  27  2:11  Drone  
  28  2:22  Hatchery  
  27  2:25  Drone  
  27  2:29  Drone  
  29  2:32  Metabolic Boost  
  29  2:36  Drone  
  30  2:39  Drone  
  31  2:44  Queen  
  31  2:50  Overlord  
  33  2:52  Drone  
  33  2:55  Drone  
  33  2:57  Drone  
  36  3:05  Overlord  
  35  3:12  Overlord  
  35  3:23  Zergling x8  
  35  3:25  Queen  
  35  3:26  Zergling x2  
  42  3:32  Zergling x2  
  43  3:36  Zergling x4  
  43  3:38  Queen  
  47  3:44  Drone x3  
  47  3:45  Drone  
  47  3:46  Drone x2  
  53  3:53  Drone  
  53  3:54  Drone x2  
  55  3:57  Drone x2  
  55  4:02  Drone, Queen  
  55  4:08  Overlord  
  55  4:09  Overlord  
  57  4:25  Overlord  
  57  4:26  Lair  
  57  4:27  Drone x5  
  57  4:29  Drone x3  
  57  4:31  Extractor  
  64  4:33  Drone x2  
  64  4:34  Drone  
  64  4:35  Drone  
  68  4:39  Drone  
  68  4:41  Baneling Nest  
  68  4:42  Drone x2  
  70  4:47  Drone x3  
  70  4:49  Drone  
  70  4:52  Queen  
  74  4:56  Zergling x6  
  74  4:59  Extractor x2  
  77  5:02  Zergling x6  
  77  5:05  Evolution Chamber  
  79  5:08  Overlord  
  79  5:10  Zergling x4  
  81  5:14  Drone  
  81  5:15  Overlord  
  81  5:19  Overlord  
  82  5:22  Overlord  
  82  5:25  Overlord  
  82  5:28  Drone x8  
  89  5:31  Centrifugal Hooks  
  89  5:34  Zergling x2  
  90  5:36  Zergling x2  
  90  5:39  Zerg Ground Armor Level 1, Zergling x2  
  92  5:43  Zergling x2  
  92  5:47  Hatchery  
  92  5:48  Zergling x2  
  93  5:52  Zergling x6  
  93  5:56  Burrow  
  96  5:58  Zergling x2  
  96  5:59  Zergling x2  
  96  6:00  Evolution Chamber  
  96  6:04  Zergling x10  
  99  6:06  Baneling x4  
  99  6:10  Zergling x2  
  99  6:11  Zergling x4  
  104  6:12  Baneling x5  
  104  6:14  Baneling x2  
  104  6:15  Baneling  
  104  6:16  Zergling x4  
  106  6:18  Baneling  
  106  6:23  Baneling x2  
  106  6:24  Zergling x4  
  108  6:27  Zergling x12  
  108  6:31  Baneling  
  108  6:32  Baneling x3  
  114  6:33  Zergling x8  
  118  6:40  Zergling x2  
  118  6:43  Zergling x6  
  118  6:46  Zerg Melee Weapons Level 1  
  121  6:49  Baneling, Overlord  
  121  6:50  Baneling x3, Overlord  
  121  6:53  Overlord  
  121  6:55  Overlord  
  121  6:56  Overlord x2  
  119  7:12  Zergling x16  
  119  7:13  Baneling x8  
  119  7:15  Zergling x4  
  129  7:22  Zergling x8  
  132  7:24  Zergling x4  
  134  7:35  Drone x6  
  134  7:36  Hydralisk Den  
  137  7:37  Zerg Ground Armor Level 2  
  137  7:39  Zergling x6  
  137  7:43  Zergling x4  
  140  7:45  Zergling x4  
  140  7:46  Zergling x4  
  145  7:51  Drone x4  
  141  8:00  Zergling x4  
  132  8:06  Drone x2  
  132  8:07  Drone x6  
  132  8:09  Muscular Augments, Extractor  
  132  8:11  Zergling x8  
  143  8:16  Overlord  
  143  8:18  Baneling x2  
  143  8:21  Zergling x14  
  143  8:26  Drone x2  
  152  8:27  Spore Crawler  
  150  8:34  Overlord  
  150  8:35  Zergling x6  
  150  8:39  Drone  
  150  8:40  Drone x2  
  156  8:42  Hydralisk x3  
  156  8:43  Hydralisk, Hatchery  
  156  8:44  Zerg Melee Weapons Level 2  
  163  8:53  Drone x4, Spore Crawler  
  163  8:54  Drone, Spore Crawler  
  164  8:58  Drone x2  
  164  9:02  Zergling x8  
  166  9:03  Drone  
  166  9:08  Drone x3  
  158  9:18  Hydralisk x10  
  158  9:20  Drone  
  158  9:22  Grooved Spines  
  179  9:25  Extractor  
  175  9:31  Hydralisk  
  175  9:32  Zergling x12  
  175  9:34  Baneling x11  
  177  9:39  Drone x2  
  177  9:40  Infestation Pit  
  177  9:43  Zergling x2  
  177  9:44  Zergling x2  
  178  9:47  Hydralisk  
  178  9:48  Zergling x12  
  187  9:52  Drone  
  187  9:56  Baneling x3, Zergling x8  
  187  9:57  Zergling x8  
  195  10:01  Zergling x6  
  195  10:04  Zergling x2  
  195  10:06  Zergling x2  
  193  10:09  Zergling x2  
  193  10:13  Baneling x16  
  187  10:17  Zergling x18  
  187  10:21  Zergling x4  
  187  10:26  Zergling x12  
  193  10:30  Zergling x6  
  193  10:32  Baneling x12  
  193  10:33  Baneling  
  193  10:35  Zergling x2  
  197  10:36  Overlord  
  192  10:51  Zergling x16  
  192  10:55  Zergling x14  
  177  11:01  Zergling x10  
  177  11:03  Drone  
Show
View Real Time Build Order
Export as new Build Order

ByuN Terran 

Build Orders:  

Get SALT Encoding   

  12  0:00  SCV  
  13  0:12  SCV  
  14  0:17  Supply Depot  
  14  0:24  SCV  
  15  0:38  SCV  
  15  0:39  Barracks  
  16  0:43  Refinery  
  16  0:50  SCV  
  17  1:03  SCV  
  18  1:15  SCV  
  19  1:26  Barracks Reactor  
  19  1:27  Orbital Command  
  19  1:39  Command Center  
  19  1:49  Supply Depot  
  19  1:53  SCV  
  20  2:01  Barracks  
  20  2:02  Marine  
  20  2:03  Marine  
  20  2:06  SCV  
  23  2:19  SCV  
  23  2:20  Marine x2  
  26  2:28  Barracks  
  26  2:31  SCV  
  27  2:38  Marine x2  
  27  2:43  SCV  
  30  2:55  Orbital Command  
  30  2:57  Barracks Tech Lab, Marine x2  
  32  3:00  SCV  
  33  3:12  SCV  
  34  3:15  Marine x2  
  34  3:16  Stimpack, Refinery, Barracks Tech Lab, Marine  
  37  3:23  SCV  
  37  3:24  Supply Depot, SCV  
  39  3:35  SCV, Marine x2  
  39  3:36  SCV  
  39  3:37  Marine x2  
  39  3:39  Combat Shield  
  45  3:47  SCV  
  45  3:48  Supply Depot, SCV  
  46  3:54  Marine  
  46  3:55  Marine  
  49  3:59  SCV  
  42  4:04  Factory, Engineering Bay  
  42  4:05  Marine  
  42  4:07  Supply Depot, Marine  
  44  4:10  SCV  
  44  4:11  SCV  
  44  4:17  Bunker  
  46  4:22  SCV, Refinery  
  46  4:23  SCV, Marine  
  46  4:24  Marine  
  50  4:25  Marine  
  50  4:28  Marine  
  52  4:32  Terran Infantry Weapons Level 1  
  52  4:34  SCV  
  52  4:35  SCV  
  54  4:43  Marine x3  
  57  4:45  Marine  
  57  4:46  Supply Depot  
  57  4:49  Starport  
  57  4:51  SCV x2  
  60  4:54  Factory Reactor  
  60  5:01  Supply Depot  
  60  5:03  SCV x2  
  60  5:04  Refinery  
  60  5:05  Marine x2  
  60  5:06  Marine  
  65  5:07  Marine  
  66  5:15  SCV x2  
  68  5:23  Marine x2  
  68  5:24  Marine  
  68  5:25  Marine  
  68  5:27  SCV x2  
  74  5:30  Supply Depot  
  74  5:38  Medivac x2  
  74  5:41  Marine x2  
  80  5:42  Marine  
  80  5:47  Siege Tank  
  84  5:51  Barracks Reactor  
  84  6:00  Command Center, Marine x3  
  87  6:12  Medivac x2  
  87  6:13  Barracks  
  87  6:15  Barracks  
  91  6:19  Siege Tank  
  94  6:26  Terran Infantry Armor Level 1  
  94  6:27  Supply Depot  
  94  6:30  SCV x2  
  96  6:44  Marine x3  
  96  6:45  Marine x2  
  101  6:49  Supply Depot, SCV x2  
  101  6:52  Siege Tank  
  106  7:02  Marine x4  
  106  7:03  Barracks Reactor x2  
  106  7:06  Supply Depot  
  106  7:07  Supply Depot  
  110  7:10  Marine  
  110  7:12  Orbital Command  
  111  7:18  Liberator x2  
  117  7:24  Marine x4  
  117  7:28  Marine  
  119  7:42  SCV x2, Armory, Marine x4  
  119  7:43  Engineering Bay  
  125  7:44  Orbital Command  
  125  7:46  Marine  
  125  7:51  Marine  
  126  7:52  Marine x2  
  126  7:54  SCV x2  
  131  8:03  Marine  
  131  8:04  Marine x3  
  131  8:05  Marine  
  118  8:07  SCV  
  118  8:09  SCV  
  118  8:11  Missile Turret  
  118  8:12  Siege Tank  
  124  8:20  SCV  
  124  8:21  SCV  
  125  8:28  SCV, Marine x8  
  125  8:32  SCV  
  125  8:33  Terran Infantry Weapons Level 2, SCV  
  136  8:37  Terran Infantry Armor Level 2  
  136  8:44  Supply Depot, SCV  
  136  8:46  Supply Depot, Siege Tank  
  140  8:57  Terran Vehicle Weapons Level 1  
  140  8:58  SCV x2  
  140  9:00  Refinery x2  
  139  9:04  Marine  
  139  9:05  Marine x6  
  145  9:14  Supply Depot x2  
  142  9:18  Siege Tank  
  142  9:21  Factory  
  142  9:22  SCV x3  
  148  9:29  Marine  
  149  9:36  Marine x8  
  155  9:46  Marine  
  162  9:53  Command Center  
  162  9:54  Marauder  
  162  9:55  Medivac x2  
  162  9:57  Sensor Tower, Marine  
  162  9:58  Marine x6  
  168  10:07  Siege Tank  
  165  10:23  Supply Depot  
  165  10:24  Supply Depot  
  165  10:27  Supply Depot  
  165  10:31  Factory Tech Lab  
  165  10:40  Barracks x3  
  165  10:41  Supply Depot  
  165  10:45  Supply Depot  
  165  10:46  SCV x3, Siege Tank  
  165  10:48  Supply Depot  
  170  10:50  Marauder  
  133  10:59  Marine  
  133  11:00  Marine x2  
Tags
 
Add a new tag
Caveats
  • Supply blocks, unpowered buildings, or Contaminate may cause inaccurate times.
  • Supply counts are checked every 10 seconds.